 Dungeon Crawl Stone Soup version 0.29.1-15-g9cfb28693d (webtiles) character file.

Game seed: 9758657633548145771

23 JimboTheBarbarian the Trooper (level 2, 28/28 HPs)
             Began as a Minotaur Fighter on Nov 4, 2023.
             Was a Follower of Kikubaaqudgha.
             Quit the game on level 1 of the Dungeon.
             The game lasted 00:12:39 (577 turns).

JimboTheBarbarian the Trooper (Minotaur Fighter)     Turns: 577, Time: 00:12:40

Health: 28/28      AC:  7    Str: 20    XL:     2   Next: 75%
Magic:  1/1        EV:  9    Int:  5    God:    Kikubaaqudgha [*.....]
Gold:   71         SH:  9    Dex:  9    Spells: 1/1 levels left

rFire   . . .      SeeInvis .   r - +1 war axe (freeze)
rCold   . . .      Faith    .   c - +0 buckler
rNeg    . . .      Spirit   .   b - +0 scale mail
rPois   .          Reflect  +   (helmet restricted)
rElec   .          Harm     .   (no cloak)
rCorr   .          Rampage  .   (no gloves)
Will    .....                   (no boots)
Stlth   ..........              m - amulet of reflection
HPRegen 0.09/turn               (no ring)
MPRegen 0.07/turn               (no ring)

@: mighty
A: horns 2, retaliatory headbutt
a: Renounce Religion, Unearth Wretches


You were on level 1 of the Dungeon.
You worshipped Kikubaaqudgha.
Kikubaaqudgha was aware of your devotion.
You visited 1 branch of the dungeon, and saw 1 of its levels.

You collected 71 gold pieces.

Inventory:

Hand Weapons
 a - a +0 long sword
 g - a +0 club
 k - a +0 club
 n - a +0 dagger
 q - a +0 sling
 r - a +1 war axe of freezing (weapon)
 s - a +0 dagger
 t - a +0 dagger
 v - a +0 dagger
Missiles
 o - 4 datura-tipped darts
 p - 9 stones (quivered)
Armour
 b - a +0 scale mail (worn)
 c - a +0 buckler (worn)
 f - a +0 leather armour
Magical Staves
 e - a staff of air
Jewellery
 m - an amulet of reflection (around neck)
Scrolls
 h - a scroll of enchant weapon {unknown}
 j - a scroll of teleportation {unknown}
 l - 2 scrolls of vulnerability {unknown}
 u - a scroll of poison {unknown}
Potions
 i - a potion of cancellation {unknown}


   Skills:
 + Level 4.4 Fighting
 + Level 2.8 Long Blades
 + Level 3.8 Armour
 + Level 0.1 Dodging
 + Level 3.7 Shields


You had one spell level left.
You didn't know any spells.
Your spell library contained the following spells:

 Spells                   Type           Power      Damage    Failure   Level
 Magic Dart               Conj           0%         1d3       89%         1
 Necrotise                Necr           0%         1d4       89%         1
 Call Imp                 Summ           0%         N/A       96%         2
 Poisonous Vapours        Pois/Air       0%         N/A       96%         2
 Mephitic Cloud           Conj/Pois/Air  0%         N/A       99%         3
 Vampiric Draining        Necr           0%         2d6       99%         3
 Anguish                  Hex/Necr       0%         N/A       100%        4
 Animate Dead             Necr           0%         N/A       100%        4
 Corpse Rot               Necr/Pois/Air  0%         N/A       100%        4


Dungeon Overview and Level Annotations

Branches:
Dungeon (1/15)

Altars:
Kikubaaqudgha


Innate Abilities, Weirdness & Mutations

You have a pair of horns on your head.
You reflexively headbutt those who attack you in melee.


Message History

a +0 club; a +0 club; a goblin corpse
Found 17 gold pieces.
Found 15 gold pieces.
u - a scroll labelled FINASIE ZASHUU
There is a stone staircase leading down here.
You now have 54 gold pieces (gained 15).
You now have 71 gold pieces (gained 17).
A goblin comes into view. It is wielding a +0 dagger.
You slash the goblin! You freeze the goblin.
You kill the goblin!
You see here a +0 dagger.
v - a +0 dagger A quokka comes into view.
You closely miss the quokka. The quokka closely misses you.
You furiously retaliate!
You headbutt the quokka.
The quokka bites you but does no damage.
You barely miss the quokka.
The quokka is severely wounded.
The quokka closely misses you. The quokka barely misses you.
You slash the quokka! You freeze the quokka.
You kill the quokka!
You open the door.
Found a faded altar of an unknown god.
There is an open door here.
There is a faded altar of an unknown god here.
You cannot tell which god this altar belongs to.
Convert to them anyway?
Okay, then.
You cannot tell which god this altar belongs to.
Convert to them anyway? [Y]es or [N]o only, please.
You cannot tell which god this altar belongs to.
Convert to them anyway?
Kikubaaqudgha accepts your prayer! Kikubaaqudgha welcomes you!
You can now bring forth the wretched and dying.
Kikubaaqudgha grants you a gift!
You add the spells Necrotise, Vampiric Draining, Anguish and Animate Dead to your library.
There are no items here.
Unknown command.
Press < or > to pray at altars.
You feel very mighty all of a sudden.
Are you sure you want to abandon this character and quit the game? (Confirm with "yes".)

#............#####..
#.....>.............
#............#####..
##............# #..
#.............# #..
####.#####.......# #..
#....#8.8#.......# #..
#.8###...###8....### #..
#..+...@...'..#....# ###
##.8###...###8.##.#.#####
#.....#8.8#....##........
##.###.#####.....##.#...#.
#.........................
############.............#
#.....#..#.##..
#.....##.##.#..
########...#..#


There were no monsters in sight!

Vanquished Creatures
  An endoplasm (D:1)
  A giant cockroach (D:1)
  6 goblins (D:1)
  A hobgoblin (D:1)
  3 jackals (D:1)
  2 kobolds (D:1)
  2 quokkas (D:1)
  A bat (D:1)
  A frilled lizard (D:1)
  A rat (D:1)
19 creatures vanquished.

Notes
Turn   | Place    | Note
-------+----------+-------------------------------------------
     0 | D:1      | JimboTheBarbarian the Minotaur Fighter began the quest for
                  | the Orb.
     0 | D:1      | Reached XP level 1. HP: 19/19 MP: 0/0
   101 | D:1      | Reached skill level 4 in Fighting
   101 | D:1      | Reached XP level 2. HP: 27/27 MP: 1/1
   569 | D:1      | Found a faded altar of an unknown god.
   575 | D:1      | Prayed at the altar of an unknown god.
   575 | D:1      | Became a worshipper of Kikubaaqudgha
   575 | D:1      | Reached * piety under Kikubaaqudgha
   575 | D:1      | Received a gift from Kikubaaqudgha
   577 | D:1      | Quit the game

Illustrated notes

Levels and vault maps discovered:
D:1:      mrwooster_arrival_statue, layout_basic,
          dreamdust_ecumenical_altar_angels_and_demons, minmay_tromino_v7

Skill      XL: |  1 |
---------------+----+-----
Fighting       | 4 |  4.4
Long Blades    | |  2.8
Armour         | |  3.8
Dodging        | |  0.1
Shields        | |  3.7

Action                   || total
-------------------------++-------
Melee: Long sword        ||    29
       Headbutt          ||     3
       War axe           ||    12
  Use: Potion            ||     1
Armor: Scale mail        ||    12
Dodge: Dodged            ||    22
Block: Buckler           ||     8
